AoeStats
← ricky102603

Arabia

509263583Analyzed
1v1 RM · 7d ago on Sep 26, 2026· 27m 34s· 2 players
Game mode
Random Map
Map size
Tiny (2 player)
Population
200
Speed
Normal
Resources
Standard
Victory
Conquest
Starting age
Dark Age
Ending age
Imperial Age
RankedLock teamsTeams togetherTeam positionsShared explorationLock speedFull tech treeHidden civsTurbo modeCheats
Victory
Defeat
🇹🇼 Ethiopians · Taiwan
967
+17
🇦🇷 Sicilians · Argentina
978
-17
ricky102603
7:30 Loom
9:38 Feudal Age
14:10 Fletching
21:34 Castle Age
19:38 Double-Bit Axe
20:29 Stone Mining
20:44 Padded Archer Armor
20:37 Gold Mining
21:46 Crossbowman
22:30 Bodkin Arrow
23:34 Leather Archer Armor
25:59 Thumb Ring
Leandro Magno
9:33 Loom
12:22 Feudal Age
14:51 Double-Bit Axe
25:30 Horse Collar
25:47 Stone Mining
Connection lost

Rejoining the realm…

Still unreachable

The connection could not be restored.

Session expired

The server has moved on; the page needs a fresh start.